 Dungeon Crawl Stone Soup version 0.31.0-12-g77e489cdc1 (webtiles) character file.

Game seed: 749291973883464909

77 sking99 the Chiller (level 4, -6/24 HPs)
             Began as a Kobold Ice Elementalist on Feb 29, 2024.
             Mangled by Terence
             ... wielding a +0 flail
              (8 damage)
             ... on level 2 of the Dungeon.
             The game lasted 00:04:37 (1914 turns).

sking99 the Chiller (Kobold Ice Elementalist)       Turns: 1914, Time: 00:04:38

Health: -6/24      AC:  3    Str:  7    XL:     4   Next: 58%
Magic:  0/8        EV: 15    Int: 16    God:
Gold:   101        SH:  0    Dex: 15    Spells: 1/9 levels left

rFire   . . .        c - +0 rapier
rCold   . . .        (no shield)
rNeg    + . .        a - +0 robe
rPois   .            (no helmet)
rElec   .            (no cloak)
rCorr   .            h - +0 pair of gloves
SInv    .            (no boots)
Will    .....        (no amulet)
Stlth   +++          o - ring of positive energy
HPRegen 0.24/turn    (no ring)
MPRegen 0.11/turn

%: no passive effects
@: no status effects
A: small, no large weapons, nightstalker 3
a: no special abilities


You were on level 2 of the Dungeon.
You visited 1 branch of the dungeon, and saw 2 of its levels.

You collected 101 gold pieces.

Inventory:

Hand Weapons
 c - a +0 rapier (weapon)
Armour
 a - a +0 robe (worn)
 h - a +0 pair of gloves (worn)
Jewellery
 o - a ring of positive energy (left hand)
Scrolls
 d - 3 scrolls of identify {unknown}
 g - a scroll of teleportation {unknown}
 i - 2 scrolls of immolation {unknown}
 l - a scroll of fog {unknown}
 m - a scroll of fear {unknown}
Potions
 b - a potion of magic
 f - a potion of enlightenment {unknown}
 j - a potion of ambrosia {unknown}
 k - a potion of mutation {unknown}
 n - a potion of berserk rage {unknown}
 p - a potion of lignification {unknown}


   Skills:
 - Level 2.4 Dodging
 - Level 2.6 Stealth
 + Level 3.1 Spellcasting
 * Level 5.2 Ice Magic


You had one spell level left.
You knew the following spells:

 Your Spells              Type           Power      Damage    Failure   Level
a - Freeze                Ice            76%        1d8       2%          1
b - Frozen Ramparts       Ice            38%        1d6       6%          3
c - Ozocubu's Armour      Ice            19%        N/A       6%          3
u - Shock                 Conj/Air       8%         1d3       19%         1

Your spell library contained the following spells:

 Spells                   Type           Power      Damage    Failure   Level
 Summon Ice Beast         Ice/Summ       10%        N/A       19%         3
 Swiftness                Air            2%         N/A       50%         3
 Airstrike                Air            1%         2d(1-17)  88%         4


Dungeon Overview and Level Annotations

Branches:
Dungeon (2/15)

Altars:

Shops:
D:2 !

Annotations:
D:2 Terence


Innate Abilities, Weirdness & Mutations

You are small and have problems with some larger weapons.
You are completely attuned to the shadows.


Message History

Confirm with . or Enter, or press ? or * to list all spells.
Aiming: Freeze (safe; 2% risk of failure)
Press: ? - help, Shift-Dir - straight line, f/p - Terence
Aim: Terence, wielding a +0 flail, wearing a +4 scale mail of cold resistance and quivering poisoned darts (heavily wounded)
You freeze Terence.
Terence resists.
Terence is heavily wounded.
You feel sick.
Terence resists.
The wall freezes Terence.
Terence hits you with a +0 flail!
Ouch! That really hurt!
* * * LOW HITPOINT WARNING * * *
Unknown command.
You hit Terence but do no damage.
Terence is severely wounded.
* * * LOW HITPOINT WARNING * * *
You feel sick.
The wall freezes Terence but does no damage.
Terence misses you.
It was a potion of curing.
You feel better.
The wall freezes Terence but does no damage.
Terence hits you with a +0 flail!
* * * LOW HITPOINT WARNING * * *
Unknown command.
You feel better.
The wall freezes Terence but does no damage.
Terence closely misses you.
Your magical contamination has completely faded away.
Casting: Freeze (safe; 2% risk of failure)
Confirm with . or Enter, or press ? or * to list all spells.
Aiming: Freeze (safe; 2% risk of failure)
Press: ? - help, Shift-Dir - straight line, f/p - Terence
Aim: Terence, wielding a +0 flail, wearing a +4 scale mail of cold resistance and quivering poisoned darts (severely wounded)
You freeze Terence.
Terence resists.
Terence is severely wounded.
The frozen ramparts melt away.
Terence hits you with a +0 flail!
* * * LOW HITPOINT WARNING * * *
You hit Terence.
Terence is almost dead.
Terence hits you with a +0 flail!
You die...
Terence says, "Rest in peace."

♣.♣♣♣ ♣..♣
♣♣.♣♣♣♣♣♣♣
♣..♣♣...♣
###
♣♣..♣.♣♣.
#.#
♣♣♣.♣.♣♣♣♣
#.#
♣♣♣♣...♣♣♣ ♣
#.#
♣♣.♣.♣.♣♣ ♣
#@#♣♣.@.♣♣♣♣
♣♣
##@#♣..♣♣♣
♣. ##..#♣.♣♣
♣. #......♣
♣♣. #.###♣♣♣
♣♣.. #.#
♣..♣ ##.#
♣♣..♣ #..#
♣..♣♣ ##.##
♣♣♣ ♣..♣


You could see Terence.

Vanquished Creatures
  3 adders (D:2)
  A ribbon worm (D:2)
  5 ball pythons
  4 bats
  4 endoplasms
  2 giant cockroaches
  2 goblins (D:2)
  A hobgoblin (D:2)
  9 jackals (D:1)
  2 quokkas (D:2)
  A frilled lizard (D:1)
  6 kobolds
  6 rats
46 creatures vanquished.

Notes
Turn   | Place    | Note
-------+----------+-------------------------------------------
     0 | D:1      | sking99 the Kobold Ice Elementalist began the quest for the
                  | Orb.
     0 | D:1      | Reached XP level 1. HP: 10/10 MP: 3/3
   120 | D:1      | Reached XP level 2. HP: 15/15 MP: 1/5
   661 | D:1      | Reached XP level 3. HP: 19/19 MP: 1/6
   813 | D:1      | Learned a level 3 spell: Frozen Ramparts
   817 | D:1      | Learned a level 3 spell: Ozocubu's Armour
  1190 | D:2      | Reached XP level 4. HP: 24/24 MP: 1/8
  1195 | D:2      | Learned a level 1 spell: Shock
  1332 | D:2      | Reached skill level 5 in Ice Magic
  1669 | D:2      | Found Selih's Distillery.
  1884 | D:2      | Noticed Terence
  1910 | D:2      | HP: 1/24 [poisoned by Terence]
  1914 | D:2      | Mangled by Terence

Illustrated notes

Levels and vault maps discovered:
D:1:      roadster_arrival_rocket_small, layout_basic
D:2:      kb_forest_paths, layout_rooms, serial_shops,
          nicolae_shop_back_alley_shop, uniq_terence

Skill      XL: |  1  2  3  4 |
---------------+-------------+-----
Spellcasting   | 3 |  3.1
Ice Magic      | 5 |  5.2
Dodging        | |  2.4
Stealth        | |  2.6

Action                     |  1- 3 |  4- 6 || total
---------------------------+-------+-------++-------
  Melee: Unarmed           |     2 |       ||     2
         Rapier            |     8 |     4 ||    12
   Cast: Freeze            |    40 |    22 ||    62
         Frozen Ramparts   |     1 |     1 ||     2
         Shock             |       |     1 ||     1
    Use: Potion            |       |     2 ||     2
   Stab: Sleeping          |     2 |     1 ||     3
 Armour: Robe              |    12 |    10 ||    22
  Dodge: Dodged            |    50 |    14 ||    64
